[Event "Titled Tuesday Blitz October 26 2021"]
[White "Abarca Gonzalez, Nicolas"]
[Black "Astafurov, Arseniy"]
[WhiteFideId "3409422"]
[BlackFideId "24175218"]
[WhiteElo "2504"]
[BlackElo "2163"]
[Result "1-0"]
[Round "01"]
[TimeControl "180+1"]
[Date "2021.10.26"]
[WhiteClock "0:01:01"]
[BlackClock "0:00:09"]

1. e4 e6 2. d4 d5 3. exd5 exd5 4. c4 Nf6 5. Nc3 Bb4 6. Nf3 O-O 7. Bd3 dxc4 8. Bxc4 Re8+ 9. Be3 Bg4 10. Qb3 Bxc3+ 11. bxc3 Be6 12. Bxe6 Rxe6 13. Qxb7 Nc6 14. Qb5 Rb8 15. Qd3 Qd5 16. O-O Na5 17. Rfd1 Ne4 18. Ne5 Nd6 19. Rab1 Rbe8 20. Rb4 Qxa2 21. h3 f6 22. Ng4 Qd5 23. Ra1 Nac4 24. Rxa7 h5 25. Rxc7 hxg4 26. Qg6 R6e7 27. Rxe7 Rxe7 28. Rb8+ Ne8 29. Rxe8+ Rxe8 30. Qxe8+ Kh7 31. hxg4 Nb2 32. Qh5+ 1-0


[Site "https://www.chess.com"]

[Event "Titled Tuesday Blitz October 26 2021"]
[White "Akbarinia, Sayed Arash"]
[Black "Izoria, Zviad"]
[WhiteFideId "12501468"]
[BlackFideId "13601733"]
[WhiteElo "2386"]
[BlackElo "2626"]
[Result "1/2-1/2"]
[Round "01"]
[TimeControl "180+1"]
[Date "2021.10.26"]
[WhiteClock "0:00:12"]
[BlackClock "0:00:38"]

1. Nf3 d5 2. c4 d4 3. g3 Nc6 4. Bg2 e5 5. d3 Bb4+ 6. Bd2 a5 7. O-O Nf6 8. b3 O-O 9. a3 Be7 10. Qc2 h6 11. Qb2 Bf5 12. b4 axb4 13. axb4 Rxa1 14. Qxa1 e4 15. dxe4 Bxe4 16. b5 Bxf3 17. Bxf3 Ne5 18. Bxb7 Nxc4 19. Bf4 Bc5 20. Nd2 Nxd2 21. Bxd2 Re8 22. Qc1 Bb6 23. Qc4 Ne4 24. Bf4 g5 25. Bxe4 Rxe4 26. Bc1 Qe7 27. Re1 Ba5 28. Rf1 Rxe2 29. Qxd4 Bb6 30. Qd3 Rxf2 31. Rxf2 Qe1+ 32. Qf1 Bxf2+ 33. Kg2 Qxf1+ 34. Kxf1 Bb6 35. h4 gxh4 36. gxh4 h5 37. Kg2 f6 38. Kf3 Kf7 39. Ke4 Ke6 40. Bf4 Ba5 41. Bg3 Bb6 42. Bf4 f5+ 43. Kf3 Kd5 44. Bg3 Kc4 45. Kf4 Kxb5 46. Kxf5 c5 47. Kg6 c4 48. Be5 Kc6 49. Kxh5 Kd5 50. Bc3 Ke4 51. Kg6 Kd3 52. Bb4 Be3 53. h5 c3 54. Bxc3 Kxc3 55. h6 Bxh6 1/2-1/2


[Site "https://www.chess.com"]

[Event "Titled Tuesday Blitz October 26 2021"]
[White "Al-Tarboush, Ward"]
[Black "Mamedyarov, Shakhriyar"]
[WhiteFideId "7601450"]
[BlackFideId "13401319"]
[WhiteElo "2296"]
[BlackElo "2754"]
[Result "0-1"]
[Round "01"]
[TimeControl "180+1"]
[Date "2021.10.26"]
[WhiteClock "0:00:07"]
[BlackClock "0:00:17"]

1. d4 d5 2. Nf3 e6 3. Nc3 Nf6 4. Bg5 Nbd7 5. e4 h6 6. Bxf6 Nxf6 7. Bd3 Bb4 8. e5 Ne4 9. O-O Nxc3 10. bxc3 Bxc3 11. Rb1 Ba5 12. c4 dxc4 13. Bxc4 O-O 14. Qe2 b6 15. Qe4 Rb8 16. Bd3 g6 17. Qg4 Bb7 18. Bxg6 Bxf3 19. gxf3 Kh8 20. Qh5 Qg5+ 21. Qxg5 hxg5 22. Be4 Rbd8 23. Rfd1 Bc3 24. d5 Bxe5 25. dxe6 fxe6 26. Kg2 Kg7 27. Rh1 Rh8 28. Rbe1 Kf6 29. Re2 Bf4 30. Bc6 Rd6 31. Rc2 Rd4 32. h3 Rd6 33. Re1 Rhd8 34. Ba4 Rd2 35. Rxd2 Rxd2 36. Bb3 Rd6 37. Re2 c5 38. Bc4 e5 39. Rc2 Rd4 40. a4 Ke7 41. Bb5 Kd6 42. Bc4 Rxc4 43. Rxc4 Kd5 44. Rc2 c4 45. Kf1 Kc5 46. Ke2 a6 47. Ra2 b5 48. axb5 axb5 49. Ra8 b4 50. Rc8+ Kd4 51. Kd1 b3 52. Rb8 Kc3 53. Rb5 Kb2 54. Ke2 c3 0-1


[Site "https://www.chess.com"]

[Event "Titled Tuesday Blitz October 26 2021"]
[White "Atanasov, Anthony"]
[Black "Martinez Alcantara, Jose Eduardo"]
[WhiteFideId "2623897"]
[BlackFideId "3805662"]
[WhiteElo "1928"]
[BlackElo "2690"]
[Result "0-1"]
[Round "01"]
[TimeControl "180+1"]
[Date "2021.10.26"]
[WhiteClock "0:00:05"]
[BlackClock "0:00:40"]

1. d4 Nf6 2. Nf3 e6 3. Bf4 b6 4. e3 Bb7 5. Nbd2 Be7 6. Bd3 O-O 7. c3 c5 8. h3 d6 9. a4 a6 10. O-O Nbd7 11. Re1 cxd4 12. exd4 Qc7 13. Bg3 Rfe8 14. Qe2 Bf8 15. Nc4 Qc6 16. Ne3 e5 17. dxe5 dxe5 18. Bc4 Bc5 19. Nf5 Ne4 20. Rad1 Ndf6 21. Bxe5 Bxf2+ 22. Kh2 Bxe1 23. Rxe1 Rxe5 24. Nxe5 Qc7 25. Bxf7+ Kh8 26. Kg1 Qxe5 27. Qf3 Rf8 28. Bc4 Qc5+ 29. Ne3 Nd6 30. Qf4 Re8 31. b4 Qe5 32. Qxe5 Rxe5 33. Rd1 Nfe4 34. Rf1 Re8 35. Bd5 Nxc3 36. Bxb7 Nxb7 37. b5 axb5 38. axb5 h5 39. Nc4 Nxb5 40. Nxb6 N5d6 41. Nd5 Re5 42. Nf4 Kh7 43. h4 Nc5 44. Nh3 Nde4 45. Kh2 Nd7 46. Rd1 Ndf6 47. Nf4 Ng4+ 48. Kg1 Rf5 49. Nh3 Ng3 50. Ng5+ Kg6 51. Rd6+ Rf6 52. Rd1 Ne2+ 53. Kh1 Nf2+ 54. Kh2 Nxd1 0-1


[Site "https://www.chess.com"]

[Event "Titled Tuesday Blitz October 26 2021"]
[White "Bacrot, Etienne"]
[Black "Yeritsyan, Hayk"]
[WhiteFideId "605506"]
[BlackFideId "13307320"]
[WhiteElo "2673"]
[BlackElo "2440"]
[Result "1-0"]
[Round "01"]
[TimeControl "180+1"]
[Date "2021.10.26"]
[WhiteClock "0:02:20"]
[BlackClock "0:02:40"]

1. e4 c5 2. Nf3 e6 3. g3 b6 4. Bg2 Bb7 5. Nc3 a6 6. O-O d6 7. d4 cxd4 8. Nxd4 Qc7 9. Re1 Nf6 10. Bg5 Be7 11. Bxf6 Bxf6 12. Ndb5 axb5 13. Nxb5 Qc6 14. Nxd6+ Kf8 15. Nxb7 Qxb7 16. e5 Nc6 17. exf6 gxf6 18. Qd6+ 1-0


[Site "https://www.chess.com"]

[Event "Titled Tuesday Blitz October 26 2021"]
[White "Balabayeva, Xeniya"]
[Black "Svane, Rasmus"]
[WhiteFideId "13719688"]
[BlackFideId "4657101"]
[WhiteElo "1965"]
[BlackElo "2643"]
[Result "0-1"]
[Round "01"]
[TimeControl "180+1"]
[Date "2021.10.26"]
[WhiteClock "0:00:01"]
[BlackClock "0:00:11"]

1. e4 c6 2. d3 d5 3. Nf3 Bg4 4. Qe2 e6 5. g3 Bd6 6. Bg2 Ne7 7. h3 Bh5 8. e5 Bc7 9. d4 c5 10. c3 Nbc6 11. Be3 cxd4 12. cxd4 Bxf3 13. Bxf3 Nf5 14. Qd3 Bb6 15. Bg2 Nfxd4 16. O-O Nxe5 17. Qd1 Ndc6 18. Bf4 O-O 19. Nc3 Rc8 20. Rc1 Qf6 21. Nb5 Rfd8 22. a3 a6 23. Nc3 h6 24. Qe2 g5 25. Bd2 Nd4 26. Qd1 Ndf3+ 27. Kh1 h5 28. Qe2 Nxd2 29. Qxd2 g4 30. h4 Kg7 31. Ne2 Ng6 32. Qb4 Rxc1 33. Nxc1 Qd4 34. Qb3 Rc8 35. Ne2 Qe5 36. Nc3 Bd4 37. Nd1 b5 38. Qd3 Rc1 39. Qd2 Ra1 40. Re1 Qf6 41. Kg1 Bxb2 42. Bf1 Bd4 43. Kg2 Rxa3 44. Kh2 Ra1 45. Bg2 Rb1 46. Qd3 Ra1 47. Rf1 b4 48. Qb3 a5 0-1


[Site "https://www.chess.com"]

[Event "Titled Tuesday Blitz October 26 2021"]
[White "Bortnyk, Olexandr"]
[Black "Skuhala, Jernej"]
[WhiteFideId "14120828"]
[BlackFideId "14605651"]
[WhiteElo "2723"]
[BlackElo "2415"]
[Result "1-0"]
[Round "01"]
[TimeControl "180+1"]
[Date "2021.10.26"]
[WhiteClock "0:01:58"]
[BlackClock "0:01:47"]

1. e4 c6 2. c4 d5 3. cxd5 cxd5 4. exd5 Qxd5 5. Nc3 Qd8 6. Bc4 e6 7. Nf3 Nf6 8. O-O Nbd7 9. d4 Nb6 10. Bd3 Be7 11. Qe2 O-O 12. Bg5 Nbd5 13. Rfe1 h6 14. Bd2 Bd6 15. Ne5 Bd7 16. Qf3 Rc8 17. Ne4 Qe7 18. Nxd6 Qxd6 19. Bxh6 Rfd8 20. Bxg7 Kxg7 21. Qg3+ Kf8 22. Ng6+ 1-0


[Site "https://www.chess.com"]

[Event "Titled Tuesday Blitz October 26 2021"]
[White "Cunjalo, Faris"]
[Black "Popadic, Dragan"]
[WhiteFideId "14410710"]
[BlackFideId "913650"]
[WhiteElo "2234"]
[BlackElo "2207"]
[Result "1-0"]
[Round "01"]
[TimeControl "180+1"]
[Date "2021.10.26"]
[WhiteClock "0:00:47"]
[BlackClock "0:00:03"]

1. d4 Nf6 2. Bf4 g6 3. Nc3 d5 4. e3 Bg7 5. Nb5 Na6 6. Nf3 O-O 7. h3 c5 8. c3 cxd4 9. exd4 Bf5 10. Be2 Qb6 11. a4 Bd7 12. O-O Bxb5 13. axb5 Nc7 14. Qd3 Ne4 15. b3 Nf6 16. c4 dxc4 17. bxc4 Ne6 18. Be3 Qc7 19. g3 Rfd8 20. Rfd1 b6 21. Qb3 Rd7 22. Rd3 Rad8 23. Rad1 Ne4 24. Kg2 h6 25. Qc2 N4g5 26. Nxg5 hxg5 27. d5 Nc5 28. Ra3 Bf6 29. Qc1 Ne4 30. Bd3 Nd6 31. Bxg5 Bxg5 32. Qxg5 Kg7 33. Qe5+ f6 34. Qf4 Nf7 35. Qe4 Ne5 36. Be2 f5 37. Qd4 Kg8 38. f4 Nf7 39. Rda1 Nd6 40. Bd3 Nf7 41. Rxa7 Qxa7 42. Rxa7 Rxa7 43. Qxb6 Ra2+ 44. Kf3 Rda8 45. Qxg6+ Kf8 46. Bxf5 R8a3+ 47. Kg4 Rg2 48. Kh4 Rgxg3 49. Qxg3 Rxg3 50. Kxg3 Nd6 51. Bd3 Ke8 52. c5 1-0


[Site "https://www.chess.com"]

[Event "Titled Tuesday Blitz October 26 2021"]
[White "Devaev, Alexander"]
[Black "Zierk, Steven"]
[WhiteFideId "4169395"]
[BlackFideId "2034255"]
[WhiteElo "2185"]
[BlackElo "2494"]
[Result "0-1"]
[Round "01"]
[TimeControl "180+1"]
[Date "2021.10.26"]
[WhiteClock "0:00:05"]
[BlackClock "0:00:18"]

1. d4 d5 2. c4 dxc4 3. Nf3 Nf6 4. Nc3 a6 5. a4 Nc6 6. e4 Bg4 7. d5 Ne5 8. Be2 Bxf3 9. gxf3 e6 10. Qd4 Nc6 11. Qxc4 exd5 12. Nxd5 Nxd5 13. exd5 Nb4 14. Qe4+ Be7 15. Bc4 O-O 16. Kf1 Re8 17. Bd2 Bg5 18. Bxg5 Rxe4 19. Bxd8 Rxc4 20. Be7 Nxd5 21. Ba3 Rxa4 22. h4 h5 23. Rd1 Nf4 24. Rg1 Ne6 25. Rh1 Rd8 26. Rxd8+ Nxd8 27. Kg2 Ne6 28. Kg3 Nd4 29. Rd1 Nf5+ 30. Kh2 Rxh4+ 31. Kg2 Rd4 32. Re1 Rd8 33. Re5 g6 34. Bb4 b6 35. Bc3 a5 36. f4 Kf8 37. Re2 Rd5 38. Kf3 Nd4+ 39. Bxd4 Rxd4 40. Re5 Rb4 41. f5 Rxb2 42. fxg6 fxg6 43. Re4 Rb5 44. Re6 Kf7 45. Rc6 Rc5 0-1


[Site "https://www.chess.com"]

[Event "Titled Tuesday Blitz October 26 2021"]
[White "Wagner, Dinara"]
[Black "Zhigalko, Sergei"]
[WhiteFideId "24157570"]
[BlackFideId "13502956"]
[WhiteElo "2216"]
[BlackElo "2662"]
[Result "0-1"]
[Round "01"]
[TimeControl "180+1"]
[Date "2021.10.26"]
[WhiteClock "0:00:06"]
[BlackClock "0:00:12"]

1. d4 Nf6 2. c4 e6 3. Nf3 b6 4. a3 Bb7 5. Nc3 d5 6. cxd5 Nxd5 7. Qc2 Be7 8. e4 Nxc3 9. bxc3 O-O 10. Bd3 c5 11. O-O Nc6 12. Bb2 Rc8 13. Qe2 Na5 14. Rfe1 Qc7 15. Rac1 Rfd8 16. h3 h6 17. Qe3 Bc6 18. Ba6 Bb7 19. Bd3 Bd6 20. e5 Be7 21. Nd2 Qc6 22. Ne4 Qa4 23. Qg3 Nc4 24. Ba1 Kf8 25. Rcd1 cxd4 26. cxd4 Qxa3 27. h4 Qb3 28. h5 Bxe4 29. Bxe4 Qxg3 30. fxg3 Bg5 31. Kh2 Ne3 32. Rd3 Ng4+ 33. Kg1 Be3+ 34. Kf1 Bg5 35. Bf3 Nh2+ 36. Kg1 Nxf3+ 37. gxf3 Rc2 38. f4 Be7 39. Red1 Rd5 40. Bc3 b5 41. Be1 b4 42. Ra1 a5 43. Rxa5 Rxa5 0-1


[Site "https://www.chess.com"]

[Event "Titled Tuesday Blitz October 26 2021"]
[White "Ekdyshman, Mikhail"]
[Black "Timofeev, Artyom"]
[WhiteFideId "4149416"]
[BlackFideId "4140419"]
[WhiteElo "2256"]
[BlackElo "2591"]
[Result "0-1"]
[Round "01"]
[TimeControl "180+1"]
[Date "2021.10.26"]
[WhiteClock "0:00:03"]
[BlackClock "0:01:00"]

1. c4 Nf6 2. Nf3 g6 3. Nc3 d5 4. cxd5 Nxd5 5. e3 Bg7 6. Be2 O-O 7. O-O b6 8. a3 Bb7 9. Qc2 c5 10. b3 Nxc3 11. dxc3 Nd7 12. Bb2 Qc7 13. Rad1 Rad8 14. c4 e5 15. b4 h6 16. h3 e4 17. Nd2 Bxb2 18. Qxb2 Ne5 19. Qc2 f5 20. Nb3 h5 21. b5 Kh7 22. a4 h4 23. Rxd8 Rxd8 24. Rd1 Kg7 25. Rd2 g5 26. Qc3 Rxd2 27. Nxd2 Kg6 28. Nb3 g4 29. hxg4 fxg4 30. Qc2 Qd7 31. Qd2 Qxd2 32. Nxd2 Kf5 33. Bd1 Nd3 34. Bc2 Ne1 35. Bb1 h3 36. gxh3 gxh3 37. Kh2 Kg4 38. Bxe4 Bxe4 39. Nxe4 Nf3+ 40. Kh1 Ne5 41. Nd6 Kf3 42. Kg1 Ng4 43. a5 bxa5 44. Nb7 a4 45. Nxc5 a3 46. Nb3 h2+ 47. Kh1 Kxf2 0-1


[Site "https://www.chess.com"]

[Event "Titled Tuesday Blitz October 26 2021"]
[White "Federzoni, Enzo"]
[Black "Cardoso Cardoso, Jose Gabriel"]
[WhiteFideId "2173301"]
[BlackFideId "4430492"]
[WhiteElo "1956"]
[BlackElo "2343"]
[Result "1-0"]
[Round "01"]
[TimeControl "180+1"]
[Date "2021.10.26"]
[WhiteClock "0:00:41"]
[BlackClock "0:00:01"]

1. e4 g6 2. d4 Bg7 3. Nc3 c6 4. Bc4 d6 5. Nf3 Nf6 6. Bb3 O-O 7. O-O Qc7 8. h3 e5 9. dxe5 dxe5 10. Be3 Nbd7 11. Qe2 b6 12. Rfd1 Bb7 13. Rd2 b5 14. a3 a5 15. Bg5 Nc5 16. Rad1 b4 17. Bxf6 Bxf6 18. Nb1 Kg7 19. Qc4 Nxb3 20. Qxb3 c5 21. Rd7 Qc8 22. Qe3 c4 23. Qb6 Ra6 24. Qxb7 Qxb7 25. Rxb7 c3 26. bxc3 bxa3 27. Nxa3 a4 28. Rd5 Rc6 29. Nxe5 Rxc3 30. Nb5 Rxc2 31. Nd7 Ra8 32. Nxf6 Kxf6 33. Rdd7 a3 34. Nxa3 Rxa3 35. Rxf7+ Kg5 36. Rxh7 Ra1+ 37. Kh2 Rxf2 38. Rb5+ Kf6 39. e5+ Ke6 40. Rg7 Raa2 41. Rxg6+ Ke7 42. Rb7+ Kf8 43. Rg3 Rab2 44. Rxb2 Rxb2 45. Re3 Ke7 46. Kg3 Rc2 47. Kf3 Ke6 48. g4 Rh2 49. Kg3 Rh1 50. Kh4 Rf1 51. g5 Kf5 52. e6 Rf4+ 53. Kg3 1-0


[Site "https://www.chess.com"]

[Event "Titled Tuesday Blitz October 26 2021"]
[White "Gupta, Abhijeet"]
[Black "Pajeken, Jakob Leon"]
[WhiteFideId "5010608"]
[BlackFideId "12942839"]
[WhiteElo "2549"]
[BlackElo "2351"]
[Result "1-0"]
[Round "01"]
[TimeControl "180+1"]
[Date "2021.10.26"]
[WhiteClock "0:01:37"]
[BlackClock "0:01:02"]

1. d4 d5 2. c4 dxc4 3. Nf3 Nf6 4. e3 e6 5. Bxc4 c5 6. O-O Nc6 7. Nc3 a6 8. dxc5 Qxd1 9. Rxd1 Bxc5 10. b3 b5 11. Be2 Bb7 12. Bb2 O-O 13. Rac1 Be7 14. Nd2 Rac8 15. Bf3 Nd8 16. Nce4 Nxe4 17. Nxe4 Rxc1 18. Rxc1 Bd5 19. Rc7 Bb4 20. h4 h6 21. Ra7 a5 22. a3 Nc6 23. Rc7 Be7 24. Nc3 Bxf3 25. gxf3 b4 26. axb4 1-0


[Site "https://www.chess.com"]

[Event "Titled Tuesday Blitz October 26 2021"]
[White "Guseva, Marina"]
[Black "Andreikin, Dmitry"]
[WhiteFideId "4149351"]
[BlackFideId "4158814"]
[WhiteElo "2279"]
[BlackElo "2736"]
[Result "0-1"]
[Round "01"]
[TimeControl "180+1"]
[Date "2021.10.26"]
[WhiteClock "0:00:08"]
[BlackClock "0:00:47"]

1. d4 g6 2. c4 Bg7 3. Nf3 Nf6 4. g3 b6 5. Bg2 Bb7 6. O-O e6 7. Nc3 Ne4 8. Qc2 Nxc3 9. bxc3 Nc6 10. Bg5 Qc8 11. Nd2 O-O 12. e4 Na5 13. Rfe1 Ba6 14. Bf1 f5 15. e5 Bb7 16. c5 bxc5 17. Be7 Rf7 18. Bxc5 d6 19. Ba3 dxe5 20. dxe5 Qd7 21. Bg2 Bxg2 22. Kxg2 Rd8 23. Nf3 Qc6 24. Rad1 Rb8 25. c4 g5 26. Qc3 g4 27. Kg1 Qxf3 28. Qxa5 f4 29. Rb1 Rxb1 30. Rxb1 fxg3 31. Rb8+ Rf8 32. Rxf8+ Bxf8 33. Bc5 Bxc5 34. Qxc5 Qxf2+ 35. Qxf2 gxf2+ 36. Kxf2 Kf7 37. Kg3 h5 38. Kh4 Kg6 39. c5 c6 40. a3 a6 41. a4 a5 0-1


[Site "https://www.chess.com"]

[Event "Titled Tuesday Blitz October 26 2021"]
[White "Hakobyan, Aram"]
[Black "Shuvalov, Evgenij"]
[WhiteFideId "13306677"]
[BlackFideId "4187237"]
[WhiteElo "2557"]
[BlackElo "2129"]
[Result "1-0"]
[Round "01"]
[TimeControl "180+1"]
[Date "2021.10.26"]
[WhiteClock "0:00:59"]
[BlackClock "0:00:03"]

1. d4 Nf6 2. Nf3 g6 3. c4 Bg7 4. Nc3 d5 5. Bg5 Ne4 6. Bf4 Nxc3 7. bxc3 c5 8. cxd5 Qxd5 9. e3 Nc6 10. Be2 cxd4 11. cxd4 Qa5+ 12. Qd2 Qxd2+ 13. Kxd2 O-O 14. Rhb1 b6 15. a4 Na5 16. Ke1 Bf5 17. Rb2 f6 18. Ba6 g5 19. Bg3 h5 20. h4 g4 21. Nd2 e5 22. d5 Bc8 23. Bb5 f5 24. Rc1 f4 25. Bh2 g3 26. Bg1 fxe3 27. fxe3 Bg4 28. Rbc2 Rad8 29. e4 Bh6 30. Rc7 Rf7 31. Rxf7 Kxf7 32. Rc7+ Kf6 33. Nf1 Rc8 34. Rxc8 Bxc8 35. Nxg3 Bg4 36. Be2 Bf4 37. Nxh5+ Bxh5 38. Bxh5 Bg3+ 39. Bf2 Bxf2+ 40. Kxf2 Nc4 41. g4 Nb2 42. g5+ Kg7 43. d6 Nxa4 44. d7 Nc5 45. d8=Q Nxe4+ 46. Ke3 Nc5 47. Qf6+ Kg8 48. Qf7+ Kh8 49. Qf8+ Kh7 50. g6# 1-0


[Site "https://www.chess.com"]

[Event "Titled Tuesday Blitz October 26 2021"]
[White "Hindermann, Felix"]
[Black "Maksimovic, Bojan"]
[WhiteFideId "1305212"]
[BlackFideId "14408120"]
[WhiteElo "2206"]
[BlackElo "2439"]
[Result "1-0"]
[Round "01"]
[TimeControl "180+1"]
[Date "2021.10.26"]
[WhiteClock "0:00:21"]
[BlackClock "0:00:13"]

1. e4 c5 2. c3 d5 3. exd5 Qxd5 4. d4 Nf6 5. Nf3 e6 6. Na3 Nc6 7. Be3 cxd4 8. Nb5 Qd8 9. Nbxd4 Bd7 10. Nxc6 Bxc6 11. Qxd8+ Kxd8 12. Ne5 Be8 13. O-O-O Kc8 14. Be2 Nd5 15. Rd4 f6 16. Nd3 Nxe3 17. fxe3 Bc6 18. Bf3 e5 19. Rc4 Kc7 20. Bxc6 bxc6 21. e4 Kb6 22. Rd1 Be7 23. Nb4 Bxb4 24. Rxb4+ Kc7 25. Ra4 Rhd8 26. Rxd8 Kxd8 27. g4 Kc7 28. Kd2 Kb6 29. Rb4+ Kc7 30. Ra4 a5 31. Ke3 Kb6 32. b4 Kb5 33. Rxa5+ Rxa5 34. bxa5 Kxa5 35. Kd3 Kb5 36. h3 Ka4 37. Kc2 c5 38. Kd3 Kb5 39. a4+ Kxa4 40. Kc4 g6 41. Kxc5 Ka5 42. c4 Ka6 43. Kd6 f5 44. gxf5 gxf5 45. Kxe5 fxe4 46. Kxe4 Kb6 47. Kd5 Kc7 48. Kc5 Kd7 49. Kb6 Kc8 50. Kc6 h6 51. h4 h5 52. c5 Kd8 53. Kb7 Ke7 54. c6 Kf6 55. c7 Kf5 56. c8=Q+ Kf4 57. Qg8 Kf3 58. Qg5 Ke4 59. Qxh5 Kd4 60. Qg5 Kc4 61. h5 Kb4 62. h6 Kc4 63. h7 Kb4 64. h8=Q Kc4 65. Qhh4+ Kd3 66. Qgg3+ Ke2 67. Qhh2+ Kf1 68. Qgg1# 1-0


[Site "https://www.chess.com"]

[Event "Titled Tuesday Blitz October 26 2021"]
[White "Holt, Conrad"]
[Black "Terletsky, Oleg"]
[WhiteFideId "2034387"]
[BlackFideId "14116774"]
[WhiteElo "2586"]
[BlackElo "2055"]
[Result "1-0"]
[Round "01"]
[TimeControl "180+1"]
[Date "2021.10.26"]
[WhiteClock "0:02:17"]
[BlackClock "0:00:35"]

1. d4 Nf6 2. c4 g6 3. Nc3 Bg7 4. e4 O-O 5. Nf3 d6 6. h3 e5 7. dxe5 dxe5 8. Qxd8 Rxd8 9. Bg5 Re8 10. Nd5 Nxd5 11. cxd5 c6 12. Bc4 cxd5 13. Bxd5 Nd7 14. Nd2 Nf6 15. Bb3 Be6 16. Ke2 Nd7 17. Rhc1 Bxb3 18. axb3 Bf8 19. Rc7 Nc5 20. Be3 Ne6 21. Rxb7 a5 22. Nc4 Bb4 23. Nxe5 Nc5 24. Rxb4 Rxe5 25. Rb5 Nd7 26. Rxe5 Nxe5 27. b4 a4 28. b5 Nc4 29. b6 Nxb2 30. Bf4 1-0


[Site "https://www.chess.com"]

[Event "Titled Tuesday Blitz October 26 2021"]
[White "Indjic, Aleksandar"]
[Black "Hasman, Cengiz"]
[WhiteFideId "911925"]
[BlackFideId "413364"]
[WhiteElo "2643"]
[BlackElo "2020"]
[Result "1-0"]
[Round "01"]
[TimeControl "180+1"]
[Date "2021.10.26"]
[WhiteClock "0:00:22"]
[BlackClock "0:00:15"]

1. e4 d6 2. d4 Nf6 3. Nc3 Nbd7 4. f4 e5 5. Nf3 exd4 6. Qxd4 c6 7. Be3 d5 8. exd5 Bc5 9. Qd3 Qe7 10. Ne5 Nxe5 11. fxe5 Qxe5 12. Kd2 Bxe3+ 13. Qxe3 Qxe3+ 14. Kxe3 Nxd5+ 15. Nxd5 cxd5 16. Bd3 Be6 17. Kd4 Ke7 18. a4 Kd6 19. a5 h6 20. Ra3 Rac8 21. Rb3 Rc7 22. Rf1 Rb8 23. c3 b6 24. Ra1 Rcb7 25. axb6 Rxb6 26. Rxb6+ axb6 27. Bb5 Rb7 28. Ra6 Kc7 29. Ra8 Rb8 30. Ra1 Rb7 31. Ke5 Kb8 32. Ra6 Kc7 33. g3 Rb8 34. Ra7+ Rb7 35. Ra8 Rb8 36. Rxb8 Kxb8 37. Kd6 Kb7 38. b4 h5 39. Be2 g6 40. h4 Bg4 41. Bb5 Be6 42. Bc6+ Kc8 43. b5 Kd8 44. Bxd5 Bxd5 45. Kxd5 Kd7 46. c4 f6 47. c5 bxc5 48. Kxc5 g5 49. Kd4 gxh4 50. gxh4 Kc7 51. Ke4 Kb6 52. Kf5 Kxb5 53. Kg6 Kc6 54. Kxh5 Kd6 55. Kg6 Ke5 56. h5 f5 57. h6 f4 58. h7 Ke4 59. h8=Q f3 60. Qh1 Ke3 61. Qf1 f2 62. Kg5 Kf3 63. Kf5 Kg3 64. Ke4 Kg4 65. Qxf2 1-0


[Site "https://www.chess.com"]

[Event "Titled Tuesday Blitz October 26 2021"]
[White "Jain Kashish Manoj"]
[Black "Dobrov, Vladimir"]
[WhiteFideId "35081098"]
[BlackFideId "4136594"]
[WhiteElo "1681"]
[BlackElo "2614"]
[Result "0-1"]
[Round "01"]
[TimeControl "180+1"]
[Date "2021.10.26"]
[WhiteClock "0:00:05"]
[BlackClock "0:00:09"]

1. Nf3 d5 2. g3 Nd7 3. Bg2 e5 4. d3 Ngf6 5. O-O c6 6. Nbd2 Bd6 7. e4 O-O 8. a4 Re8 9. Re1 d4 10. Nh4 Nf8 11. Nc4 Bc7 12. f4 exf4 13. gxf4 Bg4 14. Nf3 Ng6 15. h3 Bh5 16. e5 Nd5 17. Re4 Nh4 18. Qf1 Nxg2 19. Qxg2 c5 20. Bd2 Bg6 21. Re2 Qd7 22. b3 b6 23. Nh4 Bh5 24. Rf2 Bd8 25. Nf3 Bc7 26. Kh2 a6 27. Rg1 Bg6 28. Nh4 b5 29. axb5 axb5 30. f5 bxc4 31. fxg6 Bxe5+ 32. Kh1 fxg6 33. bxc4 Ne3 34. Bxe3 dxe3 35. Re2 Bf6 36. Nf3 Ra2 37. Rge1 Bd4 38. Kh2 Qc7+ 39. Kh1 Qd7 40. Ng5 h6 41. Ne4 g5 42. c3 Rxe2 43. Rxe2 Bxc3 44. Nxc3 Qxd3 45. Qd5+ Qxd5+ 46. Nxd5 Re4 47. Nxe3 Kh7 48. Kg2 Kg6 49. Kf3 Rd4 50. Rg2 h5 51. Rb2 Kf6 52. Rb6+ Ke5 53. Rc6 Rd3 54. Rxc5+ Kf6 55. Rd5 Rc3 56. Rf5+ Kg6 57. Rd5 Kf6 58. c5 g6 59. Ke4 Rc1 60. Rd6+ Kf7 61. c6 g4 62. hxg4 h4 63. Nd5 h3 64. Rf6+ Kg7 65. Rf2 Rxc6 66. Rh2 Re6+ 67. Kf3 Re5 68. Nf4 Kf6 69. Rxh3 Kg5 70. Ng2 Ra5 71. Kg3 Ra3+ 72. Kh2 Ra2 73. Rg3 Rb2 74. Kh3 Rb8 75. Ne3 Rb1 76. Ng2 Rh1# 0-1


[Site "https://www.chess.com"]

[Event "Titled Tuesday Blitz October 26 2021"]
[White "Jobava, Baadur"]
[Black "Tasev, Dejan"]
[WhiteFideId "13601520"]
[BlackFideId "936618"]
[WhiteElo "2731"]
[BlackElo "2253"]
[Result "1-0"]
[Round "01"]
[TimeControl "180+1"]
[Date "2021.10.26"]
[WhiteClock "0:02:45"]
[BlackClock "0:01:44"]

1. e4 c6 2. c4 g6 3. d4 Bg7 4. Nc3 d6 5. f4 Nf6 6. Nf3 O-O 7. Be2 Nbd7 8. e5 Ng4 9. h3 Nh6 10. g4 f6 11. e6 Nb8 12. d5 a5 13. Be3 Na6 14. Qd2 Nc5 15. f5 g5 16. Nd4 Qc7 17. h4 Rb8 18. hxg5 fxg5 19. Bxg5 Nxg4 20. Bxg4 b5 21. Nxc6 1-0


[Site "https://www.chess.com"]

[Event "Titled Tuesday Blitz October 26 2021"]
[White "Jones, Gawain C B"]
[Black "Reprintsev, Alexander"]
[WhiteFideId "409561"]
[BlackFideId "14100541"]
[WhiteElo "2657"]
[BlackElo "2126"]
[Result "1-0"]
[Round "01"]
[TimeControl "180+1"]
[Date "2021.10.26"]
[WhiteClock "0:01:12"]
[BlackClock "0:01:55"]

1. Nf3 d5 2. b3 Bg4 3. Bb2 Nd7 4. c4 dxc4 5. bxc4 Bxf3 6. gxf3 Ngf6 7. d4 g6 8. Nc3 Bg7 9. e3 e5 10. d5 O-O 11. Ba3 Re8 12. Rb1 b6 13. Bh3 Bf8 14. Bxf8 Nxf8 15. O-O Nh5 16. Kh1 Qh4 17. Bg4 f5 18. Bxh5 Qxh5 19. f4 Qxd1 20. Rfxd1 exf4 21. exf4 Nd7 22. Re1 Kf7 23. Nb5 Rec8 24. Re3 a6 25. Nd4 Nc5 26. Nc6 Re8 27. Ne5+ Kg7 28. Kg2 Re7 29. Nc6 Re4 30. Rxe4 Nxe4 31. f3 Nd6 32. Ne5 Re8 33. h4 Nf7 34. Re1 h6 35. Kf2 g5 36. Nxf7 Rxe1 37. Kxe1 Kxf7 38. fxg5 hxg5 39. hxg5 f4 40. Ke2 Kg6 41. Kd3 Kxg5 42. Ke4 b5 43. cxb5 axb5 44. a3 1-0


[Site "https://www.chess.com"]

[Event "Titled Tuesday Blitz October 26 2021"]
[White "Kamsky, Gata"]
[Black "Koc, Przemyslaw"]
[WhiteFideId "2000024"]
[BlackFideId "1109081"]
[WhiteElo "2603"]
[BlackElo "2141"]
[Result "1/2-1/2"]
[Round "01"]
[TimeControl "180+1"]
[Date "2021.10.26"]
[WhiteClock "0:00:24"]
[BlackClock "0:00:14"]

1. g3 f5 2. Bg2 Nf6 3. b3 g6 4. Bb2 Bg7 5. d3 d6 6. e3 e5 7. Ne2 O-O 8. c4 c6 9. O-O Be6 10. h3 Nbd7 11. Nbc3 a6 12. Qd2 d5 13. Rad1 Qe7 14. Qc1 Rfe8 15. Qa1 Bf7 16. Rfe1 e4 17. cxd5 cxd5 18. Nf4 g5 19. Nfe2 Ne5 20. dxe4 dxe4 21. Nd4 Bg6 22. Rf1 g4 23. h4 Nf3+ 24. Kh1 Nh5 25. Nce2 Nxh4 26. gxh4 Qxh4+ 27. Kg1 Be5 28. Rfe1 g3 29. f4 Bf6 30. Rc1 Rad8 31. Rc7 Ng7 32. Qc1 Bh5 33. Rxg7+ Bxg7 34. Qc7 Bf6 35. Kf1 Bf3 36. Nxf3 exf3 37. Bxf3 Bxb2 38. Ng1 Qh2 39. Bg2 Bg7 40. Nf3 Qh5 41. Qxb7 Rd3 42. Qxa6 Rdxe3 43. Rxe3 Rxe3 44. Qc8+ Re8 45. Qc4+ Qf7 46. Ng5 Qxc4+ 47. bxc4 h6 48. Bd5+ Kh8 49. Nf7+ Kh7 50. Kg2 Rb8 51. Kxg3 Bf8 52. Ne5 Rb2 53. Be6 Rxa2 54. Bxf5+ Kg7 55. Be4 Bc5 56. Kg4 Bd6 57. Bd5 Re2 58. Kf3 Rxe5 59. fxe5 Bxe5 60. c5 Bc7 61. c6 Kf6 62. Kg4 Ke7 63. Kh5 Kd6 64. Bf3 Kc5 65. Kxh6 Kd6 66. Kg6 Bb6 67. Kf7 Bc7 68. Kf6 Bb6 69. Kf5 Bc7 70. Ke4 Bb6 71. Kd3 Bc7 72. Kc4 Bb6 73. Kb5 Bc7 74. Ka6 Bd8 75. Kb7 Bc7 76. Bg2 Bd8 77. Bf3 Bc7 78. Bg2 Bd8 79. Bf3 1/2-1/2


[Site "https://www.chess.com"]